 Dungeon Crawl Stone Soup version 0.16.0-18-g484a79e (webtiles) character file.

183 Edirash the Vandal (level 5, -1/34 HPs)
             Began as a Halfling Hunter on Mar 22, 2015.
             Slain by Rayvis' ghost (10 damage)
             ... on level 3 of the Dungeon.
             The game lasted 00:13:11 (2476 turns).

Edirash the Vandal (Halfling Hunter)                Turns: 2476, Time: 00:13:12

Health: -1/34      AC:  5    Str: 12    XL:     5   Next: 94%
Magic:  0/5        EV: 13    Int: 10    God:
Gold:   60         SH:  0    Dex: 16    Spells: 0 memorised, 4 levels left

rFire  . . .     SeeInvis .     a - +0 dagger
rCold  . . .     Clarity  .     b - +0 ring mail (curse)
rNeg   . . .     SustAb   .     (no shield)
rPois  .         Gourm    .     (no helmet)
rElec  .         Spirit   +     (no cloak)
rCorr  .         Warding  .     (no gloves)
rMut   .         Stasis   .     (no boots)
MR     +....                    o - amulet of guardian spirit {Spirit}
Stlth  ++........               (no ring)
                                i - ring of protection from magic {MR+, !d}

@: somewhat resistant to hostile enchantments, unstealthy
A: mutation resistance 1
a: no special abilities


You were on level 3 of the Dungeon.
You were not hungry.

You visited 1 branch of the dungeon, and saw 3 of its levels.

You collected 60 gold pieces.

Inventory:

Hand weapons
 a - a +0 dagger (weapon)
   (You took it off a goblin on level 1 of the Dungeon)
 q - a +0 hunting sling of evasion
   (You found it on level 3 of the Dungeon)
Missiles
 e - 78 stones (quivered)
Armour
 b - a cursed +0 ring mail (worn)
   (You took it off an orc on level 3 of the Dungeon)
Jewellery
 i - a ring of protection from magic (left hand) {MR+, !d}
   (You found it on level 1 of the Dungeon)
 o - an amulet of guardian spirit (around neck) {Spirit}
   (You found it on level 3 of the Dungeon)
Potions
 h - a potion of magic
 p - a potion of resistance {unknown}
Comestibles
 f - 3 bread rations {@e1}
 g - 7 chunks of flesh {@w0}
 j - a beef jerky
 m - 2 meat rations {@e2}
 n - a slice of pizza


   Skills:
 - Level 1.7 Fighting
 + Level 3.5 Short Blades
 + Level 7.3 Slings
 - Level 2.1 Dodging
 + Level 3.9 Stealth


You had 4 spell levels left.
You didn't know any spells.

Dungeon Overview and Level Annotations

Branches:
Dungeon (3/15)

Altars:
Ashenzari
Dithmenos
Gozag
Ru
Sif Muna
Yredelemnul

Annotations:
D:3 Rayvis' ghost, average MiFi


Innate Abilities, Weirdness & Mutations

You are small and have problems with some larger weapons.
You are somewhat resistant to further mutation.


Message History

e - 79 stones (gained 3)
The kobold is too close now for your liking.
Wield which item (- for none, * to show all)? (? for menu, Esc to quit)
You feel like more of a target.
a - a +0 dagger (weapon)
Aim: a kobold You throw a stone.
The stone hits the kobold but does no damage.
Aim: a kobold You throw a stone.
The stone hits the kobold but does no damage.
Aim: a kobold You throw a stone.
The stone hits the kobold but does no damage.
You hit the kobold but do no damage. The kobold hits you but does no damage.
You hit the kobold but do no damage. You hit the kobold but do no damage.
The kobold hits you but does no damage.
You hit the kobold but do no damage. The kobold closely misses you.
You hit the kobold but do no damage. The kobold closely misses you.
You hit the kobold. The kobold hits you but does no damage.
You hit the kobold.
You kill the kobold!
No target in view!
e - 77 stones (gained 1)
e - 78 stones (gained 1)
e - 79 stones (gained 1)
You now have 47 gold pieces (gained 4).
You now have 60 gold pieces (gained 13).
Found an escape hatch in the floor.
Rayvis' ghost is too close now for your liking.
Wield which item (- for none, * to show all)? (? for menu, Esc to quit)
You feel nimbler!
q - a +0 hunting sling of evasion (weapon)
Here: Rayvis' ghost The floor.
Wield which item (- for none, * to show all)? (? for menu, Esc to quit)
You are already wielding that!
Aim: Rayvis' ghost You shoot a sling bullet.
The sling bullet closely misses Rayvis' ghost.
Aim: Rayvis' ghost You shoot a sling bullet.
The sling bullet hits Rayvis' ghost!
Aim: Rayvis' ghost (lightly damaged)
You shoot a sling bullet.
The sling bullet barely misses Rayvis' ghost.
Aim: Rayvis' ghost (lightly damaged)
You shoot a sling bullet. The sling bullet hits Rayvis' ghost.
Aim: Rayvis' ghost (moderately damaged)
You shoot a sling bullet.
The sling bullet hits Rayvis' ghost but does no damage.
Aim: Rayvis' ghost (moderately damaged)
You shoot a sling bullet.
The sling bullet barely misses Rayvis' ghost.
Aim: Rayvis' ghost (moderately damaged)
You shoot a sling bullet.
The sling bullet hits Rayvis' ghost but does no damage.
Rayvis' ghost says, "Try not to bleed too much."
Rayvis' ghost misses you.
Aim: Rayvis' ghost (moderately damaged)
You shoot a sling bullet. The sling bullet hits Rayvis' ghost.
Rayvis' ghost barely misses you.
Aim: Rayvis' ghost (heavily damaged)
You shoot a sling bullet. The sling bullet hits Rayvis' ghost.
Rayvis' ghost hits you!
You take 13 damage, and have 21/34 hp.
MASSIVE DAMAGE!!
You now have 3/5 mp.
Rayvis' ghost keens inconsolably.
Aim: Rayvis' ghost (severely damaged)
You shoot a sling bullet.
The sling bullet hits Rayvis' ghost but does no damage.
Rayvis' ghost says, "You must not succeed where I failed!"
Rayvis' ghost misses you.
Things that are here:
a +0 leather armour; a trident; a club
Things that are here:
a dagger; a robe; an orc skeleton
Things that are here:
a dagger; a robe Rayvis' ghost keens inconsolably.
Things that are here:
a hand axe; a ring mail; an orc corpse
Aim: Rayvis' ghost (heavily damaged)
You shoot a sling bullet.
The sling bullet barely misses Rayvis' ghost.
Some of the chunks of flesh in your inventory have rotted away.
MP restored: 5
Aim: Rayvis' ghost (heavily damaged)
You shoot a stone. The stone barely misses Rayvis' ghost.
Rayvis' ghost hits you!
* * * LOW HITPOINT WARNING * * *
You take 14 damage, and have 9/34 hp.
MASSIVE DAMAGE!!
You now have 2/5 mp.
Wield which item (- for none, * to show all)? (? for menu, Esc to quit)
You feel like more of a target.
a - a +0 dagger (weapon)
Rayvis' ghost closely misses you.
You hit Rayvis' ghost but do no damage. Rayvis' ghost hits you!
You die...

#......#
############.###.##
#.........(#.# #.# +#
#.########.#.# #<# ..
#.# #.#.##### .. #.#
#[#.....# .. #.#
#)#####.# .. #.# #####W#
#.# ..## #.# ...#@# #.#
>..## #.# ####.#.#####.#
.#..###.# #............#
.....((.#....#.#.#######
###.##########.#.#
...............#.#
.......>#....###..
#.##..#.#....#####
....................


You could see Rayvis' ghost.

Vanquished Creatures
  2 orc wizards (D:3)
  3 gnolls (D:2)
  3 adders
  A worm (D:2)
  3 giant geckos
  2 oozes (D:1)
  3 orcs (D:3)
  3 ball pythons (D:1)
  6 giant cockroaches
  6 goblins
  5 hobgoblins
  4 jackals (D:1)
  3 bats
  8 kobolds
  5 rats
57 creatures vanquished.

Notes
Turn   | Place    | Note
--------------------------------------------------------------
     0 | D:1      | Edirash, the Halfling Hunter, began the quest for the Orb.
     0 | D:1      | Reached XP level 1. HP: 14/14 MP: 1/1
    51 | D:1      | Reached skill level 6 in Slings
    71 | D:1      | Reached XP level 2. HP: 19/19 MP: 2/2
   510 | D:1      | Reached skill level 2 in Stealth
   608 | D:1      | Reached skill level 1 in Short Blades
   657 | D:1      | Reached XP level 3. HP: 24/24 MP: 3/3
  1267 | D:2      | Found a shattered altar of Ashenzari.
  1296 | D:2      | Found a deep blue altar of Sif Muna.
  1317 | D:2      | Found a basalt altar of Yredelemnul.
  1317 | D:2      | Found a shadowy altar of Dithmenos.
  1324 | D:2      | Found a sacrificial altar of Ru.
  1327 | D:2      | Found an opulent altar of Gozag.
  1344 | D:2      | Reached XP level 4. HP: 9/29 MP: 4/4
  1348 | D:2      | Reached skill level 2 in Short Blades
  1534 | D:2      | Reached skill level 3 in Stealth
  2118 | D:3      | Noticed Rayvis' ghost (average MiFi)
  2149 | D:3      | HP: 7/29 [orc/hand axe (3)]
  2238 | D:2      | Reached skill level 7 in Slings
  2238 | D:2      | Reached XP level 5. HP: 25/34 MP: 5/5
  2331 | D:3      | Reached skill level 3 in Short Blades
  2476 | D:3      | Slain by Rayvis' ghost

Action                   |  1- 3 |  4- 6 || total
-------------------------+-------+-------++-------
Melee: Short sword       |     2 |       ||     2
       Dagger            |    84 |    55 ||   139
 Fire: Hunting sling     |    46 |    63 ||   109
Throw: Stone             |    58 |    14 ||    72
  Use: Scroll            |     3 |     2 ||     5
       Potion            |       |     1 ||     1
 Stab: Sleeping          |     3 |       ||     3
  Eat: Chunk             |     1 |     4 ||     5

Vault maps used:
D:1:      erik_arrival_gehennom, minmay_distorted
D:2:      lemuel_crystal_altar, minmay_overflow_temple_star_hex,
          serial_bayou_lagoon_a
D:3:      kennysheep_nondescript, uniq_grinder

Table legend:
 A = Turns spent in this place as a percentage of turns spent in the entire game.
 B = Non-inter-level travel turns spent in this place as a percentage of non-inter-level travel turns spent in the entire game.
 C = Inter-level travel turns spent in this place as a percentage of turns spent in this place.
 D = Turns resting spent in this place as a percentage of non-inter-level travel turns spent in this place.
 E = Turns spent auto-exploring this place as a percentage of non-inter-level travel turns spent in this place.
 F = Non-inter-level travel turns spent in this place divided by the number of levels of this place that you've seen.
                   A       B       C       D       E      F
               +-------+-------+-------+-------+-------+----------------------
         Total | 100.0 | 100.0 |   0.5 |   0.8 |  25.0 | 281.7
       Dungeon | 100.0 | 100.0 |   0.5 |   0.8 |  25.0 | 281.7
               +-------+-------+-------+-------+-------+----------------------

Table legend:
 A = Kills in this place as a percentage of kills in entire the game.
 B = Kills by you in this place as a percentage of kills by you in the entire game.
 C = Kills by friends in this place as a percentage of kills by friends in the entire game.
 D = Other kills in this place as a percentage of other kills in the entire game.
 E = Experience gained in this place as a percentage of experience gained in the entire game.
 F = Experience gained in this place divided by the number of levels of this place that you have seen.
                   A       B       C       D       E      F
               +-------+-------+-------+-------+-------+----------------------
         Total | 100.0 | 100.0 |  -nan |  -nan | 100.0 |  87.3
       Dungeon | 100.0 | 100.0 |  -nan |  -nan | 100.0 |  87.3
               +-------+-------+-------+-------+-------+----------------------
